 Dungeon Crawl Stone Soup version 0.29.0-4-gdea44cf6ec (webtiles) character file.

Game seed: 17108273558815902928

5324 qw the Cleaver (level 10, -1/88 HPs)
             Began as a Minotaur Fighter on Sept 7, 2022.
             Was a Believer of Ru.
             Slain by a two-headed ogre
             ... wielding a +0 giant club
              (28 damage)
             ... on level 8 of the Dungeon.
             The game lasted 00:03:15 (6943 turns).

qw the Cleaver (Minotaur Fighter)                   Turns: 6943, Time: 00:03:16

Health: -1/88      AC: 13    Str: 24    XL:     10   Next: 38%
Magic:  9/9        EV: 13    Int:  5    God:    Ru [**....]
Gold:   322        SH:  5    Dex: 15    Spells: 9/9 levels left

rFire   . . .      SeeInvis .   Y - +1 war axe (chaos)
rCold   + . .      Faith    .   c - +0 buckler
rNeg    . . .      Spirit   .   e - +0 chain mail "Ecutubea" {Will++ Regen+ rCorr Dex+4}
rPois   .          Reflect  .   (helmet restricted)
rElec   .          Harm     .   (no cloak)
rCorr   +          Rampage  .   (no gloves)
Will    +++..                   m - +1 pair of boots
Stlth   ..........              (no amulet)
HPRegen 1.04/turn               j - ring "Pauth" {rC+ Will+ rCorr}
MPRegen 0.11/turn               f - +4 ring of evasion

@: about to teleport
A: horns 2, inability to use devices, retaliatory headbutt
a: Renounce Religion


You were on level 8 of the Dungeon.
You worshipped Ru.
Ru was pleased with you.
You visited 1 branch of the dungeon, and saw 8 of its levels.

You collected 346 gold pieces.
You spent 24 gold pieces at shops.


Innate Abilities, Weirdness & Mutations

You have a pair of horns on your head.
You cannot study or use magical devices.
You reflexively headbutt those who attack you in melee.


   Skills:
 - Level 8.0 Fighting
 + Level 14.4 Axes
 - Level 2.0 Throwing
 - Level 7.3 Armour
 - Level 4.1 Dodging
 - Level 5.0 Shields


You had 9 spell levels left.
You didn't know any spells.
Your spell library was empty.

Inventory:

Hand Weapons
 n - a +5 morningstar
 Y - a +1 war axe of chaos (weapon)
Missiles
 b - a boomerang (quivered)
Armour
 c - a +0 buckler (worn)
 e - the +0 chain mail "Ecutubea" (worn) {Will++ Regen+ rCorr Dex+4}
   (You found it on level 6 of the Dungeon)

   Dex:       It affects your dexterity (+4).
   Regen:     It increases your rate of health regeneration.
   rCorr:     It protects you from acid and corrosion.
   Will:      It greatly increases your willpower.
 m - a +1 pair of boots (worn)
Jewellery
 f - a +4 ring of evasion (right hand)
 g - a ring of positive energy
 j - the ring "Pauth" (left hand) {rC+ Will+ rCorr}
   (You found it on level 4 of the Dungeon)

   [ring of resist corrosion]

   rC:        It protects you from cold.
   rCorr:     It protects you from acid and corrosion.
   Will:      It increases your willpower.
Scrolls
 a - 4 scrolls of teleportation
 i - 3 scrolls of identify
Potions
 d - 2 potions of might
 h - 2 potions of heal wounds
 k - 2 potions of curing
 l - a potion of cancellation
 p - a potion of mutation
 r - 2 potions of haste

Dungeon Overview and Level Annotations

Branches:
Dungeon (8/15)             Temple (0/1) D:5
   Lair: D:8-11

Altars:
Elyvilon
Kikubaaqudgha
Ru
Uskayaw
The Shining One

Shops:
D:2 *

Annotations:
D:7 1 runed translucent door, Crazy Yiuf


Message History

A two-headed ogre comes into view.
It is wielding a +0 giant club and a +0 giant spiked club.
Found a stone staircase leading down.
The two-headed ogre shouts in stereo!
Throw: boomerang
Press: ? - help, Q - select action Shift-Dir - straight line, f - two-headed ogre You throw a boomerang.
The boomerang hits the two-headed ogre!
The two-headed ogre is lightly wounded.
Throw: boomerang
Press: ? - help, Q - select action Shift-Dir - straight line, f/p - two-headed ogre You throw a boomerang.
The boomerang hits the two-headed ogre!
The two-headed ogre is moderately wounded.
You hit the two-headed ogre.
The two-headed ogre is poisoned.
The two-headed ogre is moderately wounded.
The two-headed ogre hits you with a +0 giant club!!
You block the two-headed ogre's attack.
You slash the two-headed ogre!
You headbutt the two-headed ogre, but do no damage.
The two-headed ogre is heavily wounded.
You hit the two-headed ogre.
The two-headed ogre seems to speed up.
The two-headed ogre is severely wounded.
The two-headed ogre hits you with a +0 giant club!
The two-headed ogre hits you with a +0 giant spiked club!
You slash the two-headed ogre! You freeze the two-headed ogre.
You headbutt the two-headed ogre.
The two-headed ogre is almost dead.
The two-headed ogre barely misses you.
The two-headed ogre hits you with a +0 giant spiked club!!
6941 ||| READING 5 scrolls of teleportation.
As you read the scroll of teleportation, it crumbles to dust.
You feel strangely unstable. You block the two-headed ogre's attack.
The two-headed ogre closely misses you.
6942 ||| DRINKING 3 potions of heal wounds.
You feel much better.
The two-headed ogre hits you with a +0 giant club!!
The two-headed ogre barely misses you.
You barely miss the two-headed ogre.
Your headbutt misses the two-headed ogre.
The two-headed ogre is almost dead.
The two-headed ogre hits you with a +0 giant club!!
You die...

#.# #.#.# #######
#.# #.#.. .......
#.# #.# .......
#.# .# .......
#.# .......
#.####### .......
#........
......O##).......
.......@.........
##...............
#....)..........
#...............
#.............8.
#................
>................
#...##########...


You could see a two-headed ogre (fast, very poisoned).

Vanquished Creatures
  A two-headed ogre (shapeshifter) (D:7)
  Pikel (D:4)
  Joseph (D:7)
  2 unseen horror zombies (D:8)
  Eustachio (D:5)
  A wraith (D:7)
  3 water moccasins (D:6)
  Duvessa (D:5)
  4 ice beasts
  A black bear (D:6)
  2 ogres
  A centaur (D:7)
  A lemure (D:4)
  A gnoll sergeant (D:7)
  3 bullfrogs
  2 scorpions
  A wyvern zombie (D:8)
  10 wights
  Dowan (D:5)
  2 howler monkeys
  A lava snake (D:7)
  4 centaur zombies (D:8)
  4 hounds
  2 gnoll boudas (D:7)
  2 orc priests
  A jelly (D:6)
  3 orc wizards
  3 iguanas
  A killer bee zombie (D:8)
  A mummy (D:7)
  A howler monkey zombie (D:8)
  Robin (D:3)
  3 adders
  16 gnolls
  3 white imps
  2 worms (D:2)
  2 dart slugs
  24 orcs
  4 bats
  4 endoplasms
  4 giant cockroaches
  16 hobgoblins
  4 jackals
  8 kobolds
  3 quokkas
  11 ball pythons
  4 frilled lizards
  9 goblins
  2 rats (D:1)
183 creatures vanquished.

Vanquished Creatures (others)
  An orc (D:5)
  5 withered plants (D:8)
6 creatures vanquished.

Grand Total: 189 creatures vanquished

Notes
Turn   | Place    | Note
-------+----------+-------------------------------------------
     0 | D:1      | qw the Minotaur Fighter began the quest for the Orb.
     0 | D:1      | Reached XP level 1. HP: 19/19 MP: 0/0
     0 | D:1      | 0 ||| qw: Version: 0.1-a-108-g9e35731
     0 | D:1      | 0 ||| qw: Game counter: 6455
     0 | D:1      | 0 ||| qw: Always use a shield: true
     0 | D:1      | 0 ||| qw: God list: Ru
     0 | D:1      | 0 ||| qw: Allow faded altars: false
     0 | D:1      | 0 ||| qw: Do Orc after D:15 true
     0 | D:1      | 0 ||| qw: Do second Lair branch before Depths: true
     0 | D:1      | 0 ||| qw: Lair rune preference: random
     0 | D:1      | 0 ||| qw: Plans: Normal
     0 | D:1      | 0 ||| PLANNING D:1-11
   113 | D:1      | Reached skill level 3 in Axes
   252 | D:1      | Reached XP level 2. HP: 26/26 MP: 1/1
   295 | D:1      | 295 ||| DROPPING +0 club.
   544 | D:1      | Reached skill level 4 in Axes
   690 | D:1      | 690 ||| UPGRADING to +0 pair of boots.
   695 | D:1      | 695 ||| DROPPING scarf of shadows.
   696 | D:1      | 696 ||| READING 2 scrolls labelled WAEPY NAUP KUX HAQ.
   700 | D:1      | 700 ||| READING scroll labelled TOYLEU PECREAM.
   701 | D:1      | 701 ||| READING 2 scrolls labelled ZYREYC NYCA.
   702 | D:1      | 702 ||| READING 2 scrolls labelled RUVUSEGREAPH.
   703 | D:1      | 703 ||| DRINKING 2 fizzy brown potions.
   704 | D:1      | 704 ||| DRINKING 2 fizzy ruby potions.
   705 | D:1      | 705 ||| DROPPING scroll of fear.
   706 | D:1      | 706 ||| DROPPING potion of invisibility.
   707 | D:1      | 707 ||| DROPPING potion of brilliance.
   729 | D:2      | Found an ancient bone altar of Kikubaaqudgha.
   737 | D:2      | Reached XP level 3. HP: 28/31 MP: 2/2
   796 | D:2      | 796 ||| Stepping ~*~*~tactically~*~*~ (stealth).
   858 | D:2      | 858 ||| Stepping ~*~*~tactically~*~*~ (stealth).
   860 | D:2      | 860 ||| Stepping ~*~*~tactically~*~*~ (stealth).
   861 | D:2      | 861 ||| Stepping ~*~*~tactically~*~*~ (stealth).
   894 | D:2      | 894 ||| Stepping ~*~*~tactically~*~*~ (stealth).
   911 | D:2      | 911 ||| Stepping ~*~*~tactically~*~*~ (stealth).
   913 | D:2      | 913 ||| Stepping ~*~*~tactically~*~*~ (stealth).
   915 | D:2      | 915 ||| Stepping ~*~*~tactically~*~*~ (stealth).
   917 | D:2      | 917 ||| Stepping ~*~*~tactically~*~*~ (stealth).
   921 | D:2      | 921 ||| Stepping ~*~*~tactically~*~*~ (stealth).
   938 | D:2      | Reached skill level 5 in Axes
   938 | D:2      | 938 ||| Stepping ~*~*~tactically~*~*~ (stealth).
   961 | D:2      | 961 ||| Stepping ~*~*~tactically~*~*~ (stealth).
  1062 | D:2      | Found Uskeewn's Assorted Antiques.
  1070 | D:2      | Reached skill level 1 in Dodging
  1070 | D:2      | Reached XP level 4. HP: 39/39 MP: 3/3
  1074 | D:2      | 1074 ||| BUYING brown potion (24 gold).
  1074 | D:2      | Bought a brown potion for 24 gold pieces
  1074 | D:2      | 1074 ||| SHOPLISTING diamond ring (135 gold, have 39).
  1074 | D:2      | 1074 ||| SHOPLISTING tubular pearl ring (135 gold, have
                  | 39).
  1103 | D:2      | 1103 ||| Stepping ~*~*~tactically~*~*~ (stealth).
  1129 | D:2      | 1129 ||| Stepping ~*~*~tactically~*~*~ (stealth).
  1342 | D:2      | 1342 ||| UPGRADING to ring of positive energy.
  1343 | D:2      | 1343 ||| READING scroll labelled XOLOBU REF CUR.
  1344 | D:2      | 1344 ||| READING scroll labelled JAYSEYFFUG.
  1345 | D:2      | 1345 ||| READING scroll labelled HENNECV KUICUE.
  1464 | D:2      | 1464 ||| READING scroll labelled LUOCITAJOL.
  1465 | D:2      | 1465 ||| DRINKING 3 ruby potions.
  1466 | D:2      | 1466 ||| READING 2 scrolls of identify.
  1466 | D:2      | 1466 ||| IDENTIFYING fizzy orange potion
  1467 | D:2      | 1467 ||| DROPPING 2 potions of degeneration.
  1641 | D:3      | 1641 ||| Stepping ~*~*~tactically~*~*~ (stealth).
  1642 | D:3      | 1642 ||| Stepping ~*~*~tactically~*~*~ (stealth).
  1653 | D:3      | 1653 ||| Stepping ~*~*~tactically~*~*~ (hiding).
  1660 | D:3      | 1660 ||| FLEEEEING.
  1661 | D:3      | 1661 ||| FLEEEEING.
  1662 | D:3      | 1662 ||| FLEEEEING.
  1663 | D:3      | 1663 ||| FLEEEEING.
  1664 | D:3      | 1664 ||| FLEEEEING.
  1665 | D:3      | 1665 ||| FLEEEEING.
  1667 | D:3      | 1667 ||| FLEEEEING.
  1668 | D:3      | 1668 ||| FLEEEEING.
  1669 | D:3      | 1669 ||| FLEEEEING.
  1670 | D:3      | 1670 ||| FLEEEEING.
  1671 | D:3      | 1671 ||| FLEEEEING.
  1672 | D:3      | 1672 ||| FLEEEEING.
  1673 | D:3      | 1673 ||| FLEEEEING.
  1674 | D:3      | 1674 ||| FLEEEEING.
  1675 | D:3      | 1675 ||| FLEEEEING.
  1781 | D:3      | 1781 ||| Stepping ~*~*~tactically~*~*~ (stealth).
  1798 | D:3      | 1798 ||| Stepping ~*~*~tactically~*~*~ (stealth).
  1874 | D:3      | Reached skill level 6 in Axes
  1917 | D:3      | 1917 ||| DROPPING +0 mace.
  1975 | D:3      | Noticed Robin
  1981 | D:3      | Killed Robin
  1982 | D:3      | Reached XP level 5. HP: 32/45 MP: 4/4
  2508 | D:3      | 2508 ||| UPGRADING to +4 ring of evasion.
  2509 | D:3      | 2509 ||| UPGRADING to ring of resist corrosion.
  2511 | D:3      | 2511 ||| READING scroll labelled ICAQI BITATU.
  2512 | D:3      | 2512 ||| READING scroll labelled HESUIG YKUA.
  2613 | D:3      | 2613 ||| DRINKING 2 sedimented silvery potions.
  2614 | D:3      | 2614 ||| READING 2 scrolls of identify.
  2614 | D:3      | 2614 ||| IDENTIFYING brown potion
  2661 | D:4      | Identified the ring "Pauth" {rC+ Will+ rCorr}
  2817 | D:4      | Noticed a lemure
  2830 | D:4      | Killed a lemure
  2846 | D:4      | Noticed a lemure
  2846 | D:4      | Noticed Pikel
  2846 | D:4      | Noticed a lemure
  2847 | D:4      | Noticed a lemure
  2858 | D:4      | Killed Pikel
  2859 | D:4      | Reached skill level 9 in Axes
  2859 | D:4      | Reached XP level 6. HP: 23/51 MP: 5/5
  2859 | D:4      | Reached XP level 7. HP: 26/57 MP: 6/6
  3235 | D:4      | Found a sacrificial altar of Ru.
  3238 | D:4      | Became a worshipper of Ru the Awakened
  3565 | D:4      | 3565 ||| UPGRADING to +1 pair of boots.
  3575 | D:4      | 3575 ||| DROPPING +0 pair of boots.
  3576 | D:4      | 3576 ||| DROPPING amulet of magic regeneration.
  3577 | D:4      | 3577 ||| UPGRADING to ring "Pauth" {rC+ Will+ rCorr}.
  3579 | D:4      | 3579 ||| DROPPING ring of resist corrosion.
  3580 | D:4      | 3580 ||| READING scroll labelled NEARCH DERUINNOG.
  3581 | D:4      | 3581 ||| DRINKING 2 fizzy golden potions.
  3582 | D:4      | 3582 ||| READING 2 scrolls of identify.
  3582 | D:4      | 3582 ||| IDENTIFYING puce potion
  3601 | D:5      | Entered Level 5 of the Dungeon
  3604 | D:5      | 3604 ||| STAIRDANCE
  3612 | D:5      | 3612 ||| Stepping ~*~*~tactically~*~*~ (stealth).
  3614 | D:5      | 3614 ||| Stepping ~*~*~tactically~*~*~ (stealth).
  3768 | D:5      | 3768 ||| Stepping ~*~*~tactically~*~*~ (stealth).
  3769 | D:5      | 3769 ||| Stepping ~*~*~tactically~*~*~ (stealth).
  3860 | D:5      | Reached skill level 10 in Axes
  3878 | D:5      | Noticed Dowan
  3878 | D:5      | Noticed Duvessa
  3879 | D:5      | 3879 ||| Stepping ~*~*~tactically~*~*~ (hiding).
  3888 | D:5      | Killed Dowan
  3892 | D:5      | Killed Duvessa
  3893 | D:5      | Reached skill level 6 in Fighting
  3893 | D:5      | Reached XP level 8. HP: 23/71 MP: 7/7
  4298 | D:5      | Found a staircase to the Ecumenical Temple.
  4324 | D:5      | 4324 ||| Stepping ~*~*~tactically~*~*~ (hiding).
  4373 | D:5      | Noticed Eustachio
  4380 | D:5      | Found a hide-covered altar of Uskayaw.
  4398 | D:5      | Killed Eustachio
  4399 | D:5      | Reached skill level 11 in Axes
  4576 | D:5      | 4576 ||| INVOKING Sacrifice Artifice.
  4576 | D:5      | Gained mutation: You cannot study or use magical devices.
                  | [Ru sacrifice]
  4576 | D:5      | Reached * piety under Ru
  4576 | D:5      | Reached ** piety under Ru
  4807 | D:5      | 4807 ||| READING scroll labelled ZAPSESKOSEE.
  4808 | D:5      | 4808 ||| READING 3 scrolls labelled WYECKEY ZOCUA.
  4809 | D:5      | 4809 ||| READING 2 scrolls of identify.
  4809 | D:5      | 4809 ||| IDENTIFYING emerald potion
  4810 | D:5      | 4810 ||| DROPPING 2 scrolls of blinking.
  4811 | D:5      | 4811 ||| DROPPING potion of flight.
  4812 | D:5      | 4812 ||| READING 5 scrolls of teleportation.
  4835 | D:6      | 4835 ||| STAIRDANCE
  4847 | D:6      | 4847 ||| STAIRDANCE
  4907 | D:6      | Identified the +0 chain mail "Ecutubea" {Will++ Regen+
                  | rCorr Dex+4}
  5023 | D:6      | Reached skill level 12 in Axes
  5075 | D:6      | Reached XP level 9. HP: 79/79 MP: 8/8
  5107 | D:6      | 5107 ||| Stepping ~*~*~tactically~*~*~ (hiding).
  5226 | D:6      | Reached skill level 3 in Dodging
  5303 | D:6      | 5303 ||| UPGRADING to +0 chain mail "Ecutubea" {Will++
                  | Regen+ rCorr Dex+4}.
  5313 | D:6      | 5313 ||| DROPPING +0 scale mail.
  5314 | D:6      | 5314 ||| READING scroll labelled OSIFAG OZI.
  5315 | D:6      | 5315 ||| READING 2 scrolls of identify.
  5315 | D:6      | 5315 ||| IDENTIFYING lumpy golden potion
  5316 | D:6      | 5316 ||| DROPPING potion of lignification.
  5323 | D:7      | 5323 ||| PLANNING OSSUARY
  5332 | D:7      | 5332 ||| Stepping ~*~*~tactically~*~*~ (stealth).
  5334 | D:7      | 5334 ||| Stepping ~*~*~tactically~*~*~ (hiding).
  5404 | D:7      | Identified the +7 sling "Quaja" {vorpal, Stlth+}
  5460 | D:7      | 5460 ||| Stepping ~*~*~tactically~*~*~ (hiding).
  5464 | D:7      | 5464 ||| Stepping ~*~*~tactically~*~*~ (hiding).
  5489 | D:7      | Found a runed translucent door.
  5490 | D:7      | Noticed Crazy Yiuf
  5514 | D:7      | Found a white marble altar of Elyvilon.
  5547 | D:7      | Noticed Joseph
  5548 | D:7      | 5548 ||| Stepping ~*~*~tactically~*~*~ (stealth).
  5564 | D:7      | Killed Joseph
  5565 | D:7      | Reached skill level 13 in Axes
  5572 | D:7      | 5572 ||| FLEEEEING.
  5573 | D:7      | 5573 ||| FLEEEEING.
  5602 | D:7      | 5602 ||| FLEEEEING.
  5603 | D:7      | 5603 ||| FLEEEEING.
  5604 | D:7      | 5604 ||| FLEEEEING.
  5616 | D:7      | Found a glowing golden altar of the Shining One.
  5620 | D:7      | 5620 ||| FLEEEEING.
  5621 | D:7      | 5621 ||| FLEEEEING.
  5622 | D:7      | 5622 ||| FLEEEEING.
  5623 | D:7      | 5623 ||| FLEEEEING.
  5624 | D:7      | 5624 ||| FLEEEEING.
  5625 | D:7      | 5625 ||| FLEEEEING.
  5626 | D:7      | 5626 ||| FLEEEEING.
  5627 | D:7      | 5627 ||| FLEEEEING.
  5628 | D:7      | 5628 ||| FLEEEEING.
  5629 | D:7      | 5629 ||| FLEEEEING.
  5630 | D:7      | 5630 ||| FLEEEEING.
  5686 | D:7      | 5686 ||| FLEEEEING.
  5687 | D:7      | 5687 ||| FLEEEEING.
  5688 | D:7      | 5688 ||| FLEEEEING.
  5727 | D:7      | Noticed Maggie
  5732 | D:7      | Noticed Maggie
  5732 | D:7      | Maggie changed into Maggie the glowing shapeshifter
  5732 | D:7      | Noticed Maggie
  5732 | D:7      | Maggie the glowing shapeshifter changed into Maggie the
                  | two-headed ogre
  5736 | D:7      | Killed Maggie the two-headed ogre
  5740 | D:7      | 5740 ||| Stepping ~*~*~tactically~*~*~ (stealth).
  5746 | D:7      | 5746 ||| Stepping ~*~*~tactically~*~*~ (stealth).
  5944 | D:7      | 5944 ||| RIP OSSUARY
  6034 | D:7      | 6034 ||| PLANNING D:1-11
  6081 | D:7      | Reached XP level 10. HP: 88/88 MP: 9/9
  6413 | D:7      | 6413 ||| READING scroll labelled CUINEOWONA.
  6429 | D:8      | 6429 ||| STAIRDANCE
  6461 | D:8      | 6461 ||| STAIRDANCE
  6496 | D:8      | 6496 ||| STAIRDANCE
  6548 | D:8      | 6548 ||| STAIRDANCE
  6605 | D:8      | 6605 ||| Stepping ~*~*~tactically~*~*~ (hiding).
  6791 | D:8      | Reached skill level 14 in Axes
  6794 | D:8      | 6794 ||| DROPPING +0 flail.
  6933 | D:8      | Noticed a two-headed ogre
  6940 | D:8      | HP: 21/88 [two-headed ogre/+0 giant club (27)]
  6941 | D:8      | 6941 ||| READING 5 scrolls of teleportation.
  6942 | D:8      | 6942 ||| DRINKING 3 potions of heal wounds.
  6943 | D:8      | Slain by a two-headed ogre

Levels and vault maps discovered:
D:1:      dpeg_arrival_rhombus, layout_basic
D:2:      minmay_chambers_of_twos, layout_rooms, serial_shops,
          nicolae_shop_hallway_stairs, basic_altar
D:3:      layout_basic, dreamdust_mushroom_princess, uniq_robin
D:4:      layout_basic, hangedman_ru_absence, uniq_pikel
D:5:      layout_basic, nicolae_uskayaw_suspiria, temple_hall,
          hangedman_decor_lopped, hex_intersection, st_stairs_11,
          uniq_eustachio, uniq_duvessa
D:6:      layout_gridville
D:7:      layout_basic, mainiacjoe_overflow_catch_the_wave,
          gup_ossuary_entry_pyramid, dreamdust_wishing_well,
          uniq_crazy_yiuf_cottage, uniq_joseph, uniq_maggie
D:8:      layout_basic, serial_undead, serial_undead_d, serial_undead_a,
          serial_undead_a, serial_undead_c, serial_undead_b

Skill      XL: |  1  2  3  4  5  6  7  8  9 10 |
---------------+-------------------------------+-----
Axes           | 3 4 5 6 9 10 12 13 14 | 14.4
Dodging        | 1 2 3 4 |  4.1
Fighting       | 6 7 8 |  8.0
Shields        | 4 5 |  5.0
Throwing       | 2 |  2.0
Armour         | 7 |  7.3

Action                   |  1- 3 |  4- 6 |  7- 9 | 10-12 || total
-------------------------+-------+-------+-------+-------++-------
Melee: War axe           |    86 |    73 |   241 |    76 ||   476
       Headbutt          |    10 |     7 |    45 |    26 ||    88
Throw: Boomerang         |       |       |    11 |    24 ||    35
Invok: Sacrifice Artific |       |       |     1 |       ||     1
  Use: Scroll            |     4 |     8 |     8 |     2 ||    22
       Potion            |     2 |     2 |     1 |     1 ||     6
 Stab: Distracted        |       |       |     1 |       ||     1
       Confused          |       |       |       |     1 ||     1
       Paralysed         |       |       |       |     1 ||     1
Armor: Scale mail        |    34 |    27 |    46 |       ||   107
       Chain mail        |       |       |     6 |    16 ||    22
Dodge: Dodged            |    33 |    25 |   110 |    33 ||   201
Block: Buckler           |    19 |     9 |    44 |    18 ||    90

Table legend:
 A = Non-vault XP
 B = Vault XP
 C = Vault XP percentage of total XP
 D = Non-vault monster count
 E = Vault monster count
 F = Vault count percentage of total count
                 A         B        C        D         E       F
            +---------+---------+-------+---------+---------+-------
      Total |    3673 |    3933 |  51.7 |     143 |      40 |  21.9
            +---------+---------+-------+---------+---------+-------
        D:1 |      33 |       0 |   0.0 |      20 |       0 |   0.0
        D:2 |      68 |      15 |  18.1 |      21 |       8 |  27.6
        D:3 |      72 |      30 |  29.4 |      14 |       9 |  39.1
        D:4 |      83 |     714 |  89.6 |      16 |       2 |  11.1
        D:5 |     579 |     414 |  41.7 |      20 |       4 |  16.7
        D:6 |    1265 |       0 |   0.0 |      20 |       0 |   0.0
        D:7 |    1333 |    1280 |  49.0 |      29 |       3 |   9.4
        D:8 |     240 |    1480 |  86.0 |       3 |      14 |  82.4
            +---------+---------+-------+---------+---------+-------
